 Dungeon Crawl Stone Soup version 0.27.0-1-g7a089689b8 (webtiles) character file.

Game seed: 13402690999164028873

19 Spectrina the Ducker (level 2, 0/18 HPs)
             Began as a Deep Elf Monk on Aug 7, 2021.
             Slain by Natasha (8 damage)
             ... on level 2 of the Dungeon.
             The game lasted 00:05:13 (357 turns).

Spectrina the Ducker (Deep Elf Monk)                 Turns: 357, Time: 00:05:13

Health: 0/18       AC:  2    Str:  8    XL:     2   Next: 55%
Magic:  8/8        EV: 13    Int: 14    God:
Gold:   38         SH:  0    Dex: 17    Spells: 7/7 levels left

rFire    . . .     SeeInvis .   a - +0 quarterstaff
rCold    . . .     Faith    .   (shield currently unavailable)
rNeg     . . .     Spirit   .   g - +0 robe
rPois    .         Reflect  .   (no helmet)
rElec    .         Harm     .   (no cloak)
rCorr    .         Rampage  .   (no gloves)
Will     .....                  (no boots)
Stlth    ++........             (no amulet)
HPRegen  0.06/turn              (no ring)
MPRegen  0.11/turn              (no ring)

@: no status effects
A: no striking features
a: no special abilities


You were on level 2 of the Dungeon.
You visited 1 branch of the dungeon, and saw 3 of its levels.

You collected 38 gold pieces.

Inventory:

Hand Weapons
 a - a +0 quarterstaff (weapon)
 b - a +0 dagger of protection
 e - a +0 short sword
Missiles
 d - 21 stones (quivered)
Armour
 g - a +0 robe (worn)
 h - a +0 kite shield
Scrolls
 c - a scroll of magic mapping {unknown}
 f - a scroll of teleportation {unknown}


   Skills:
 - Level 2.4 Fighting
 - Level 3.0 Short Blades
 - Level 3.6 Dodging
 - Level 2.4 Stealth
 + Level 3.1 Spellcasting


You had 7 spell levels left.
You didn't know any spells.
Your spell library contained the following spells:

 Spells                   Type           Power      Damage    Failure   Level
 Inner Flame              Hex/Fire       2%         N/A       54%         3
 Cause Fear               Hex            1%         N/A       91%         4
 Discord                  Hex            1%         N/A       100%        8


Dungeon Overview and Level Annotations

Branches:
Dungeon (3/15)

Altars:

Shops:
D:2 :

Annotations:
D:2 Natasha
D:3 Grinder


Message History

Unknown command.
Found a kite shield.
You see here a +0 kite shield.
h - a +0 kite shield A ball python comes into view.
The ball python bites you. The ball python barely misses you.
Your +0 dagger of protection goes still.
a - a +0 quarterstaff (weapon)
The ball python closely misses you. The ball python grabs you.
The ball python constricts you.
You hit the ball python but do no damage.
The ball python bites you. The ball python constricts you.
You hit the ball python.
The ball python is heavily wounded.
The ball python bites you but does no damage.
The ball python constricts you. The ball python bites you.
The ball python constricts you.
You barely miss the ball python.
The ball python is heavily wounded.
The ball python barely misses you. The ball python constricts you.
You hit the ball python.
You kill the ball python!
Your +0 dagger of protection hums with potential!
b - a +0 dagger of protection (weapon)
An endoplasm comes into view.
The helpless endoplasm fails to defend itself.
You puncture the endoplasm!
Your weapon exudes an aura of protection.
You kill the endoplasm!
Natasha, Servant of Life and Death comes into view.
A goblin comes into view. It is wielding a +0 dagger.
Natasha hisses angrily.
Unknown command.
Your +0 dagger of protection goes still.
a - a +0 quarterstaff (weapon)
Natasha barely misses you.
You hit Natasha.
Natasha is lightly wounded.
Natasha claws you!
You die...

.g#........ ..#........
.########.#.......#
........#.#.......#
..........#.......#
#..h...........# ..
#.#@........#
#.###.#...#.....#
###.........#.....#
#....#.....##.....#
#....#............#
#........##.......#
#......####.......#
#.....<...#.......#
#.................######


You could see Natasha.

Vanquished Creatures
  2 dart slugs (D:2)
  2 endoplasms
  2 giant cockroaches
  A goblin (D:1)
  A quokka (D:1)
  2 ball pythons (D:2)
  A frilled lizard (D:1)
  2 kobolds (D:2)
  A rat (D:2)
14 creatures vanquished.

Notes
Turn   | Place    | Note
-------+----------+-------------------------------------------
     0 | D:1      | Spectrina the Deep Elf Monk began the quest for the Orb.
     0 | D:1      | Reached XP level 1. HP: 13/13 MP: 3/3
    27 | D:1      | Reached skill level 1 in Spellcasting
   122 | D:2      | Found Rick's Book Shoppe.
   172 | D:2      | Reached XP level 2. HP: 6/18 MP: 7/7
   255 | D:3      | Noticed Grinder
   346 | D:2      | Noticed Natasha
   357 | D:2      | Slain by Natasha

Illustrated notes

Levels and vault maps discovered:
D:1:      dpeg_arrival_houses_and_road, layout_basic, chequers_decorated_corner
D:2:      minmay_spotlight, layout_basic, serial_shops, shop, uniq_natasha,
          uniq_jessica
D:3:      layout_basic, ebering_ecumenical_altar_webs, minmay_close_crescents,
          uniq_grinder

Skill      XL: |  1  2 |
---------------+-------+-----
Spellcasting   | 2 3 |  3.1
Fighting       | |  2.4
Short Blades   | |  3.0
Dodging        | |  3.6
Stealth        | |  2.4

Action                   || total
-------------------------++-------
Melee: Short sword       ||    30
       Quarterstaff      ||     5
       Dagger            ||     1
 Stab: Sleeping          ||     6
Armor: Robe              ||     4
Dodge: Dodged            ||    18
